 Dungeon Crawl Stone Soup version 0.31-a0-180-g519b7de00c (webtiles) character file.

Game seed: 10355624370260065950

92 qw the Chopper (level 4, 0/28 HPs)
             Began as a Gargoyle Fighter on June 19, 2023.
             Slain by a gnoll
             ... wielding a +0 club
              (4 damage)
             ... on level 3 of the Dungeon.
             The game lasted 00:00:50 (1695 turns).

qw the Chopper (Gargoyle Fighter)                   Turns: 1695, Time: 00:00:51

Health: 0/28       AC: 11    Str: 22    XL:     4   Next: 60%
Magic:  4/4        EV:  9    Int:  8    God:
Gold:   67         SH:  4    Dex:  9    Spells: 3/3 levels left

rFire   . . .        Y - +1 war axe
rCold   . . .        c - +0 buckler
rNeg    + . .        b - +0 scale mail
rPois   inf          (no helmet)
rElec   +            (no cloak)
rCorr   .            k - +0 pair of gloves
SInv    .            (no boots)
Will    .....        (no amulet) Stlth
                     (no ring)
HPRegen 0.24/turn    (no ring)
MPRegen 0.09/turn

%: no passive effects
@: weak-willed
A: sickness immunity, AC +3, negative energy resistance 1, electricity
resistance, torment resistance 1, petrification resistance
a: no special abilities


You were on level 3 of the Dungeon.
You visited 1 branch of the dungeon, and saw 3 of its levels.

You collected 138 gold pieces.
You spent 71 gold pieces at shops.


Innate Abilities, Weirdness & Mutations

You are immune to sickness and miasma.
Your stone body is resilient. (AC +3)
You are immune to poison.
You resist negative energy. (rN+)
You are resistant to electric shocks. (rElec)
You are resistant to unholy torment.
You are immune to petrification.


   Skills:
 - Level 3.2 Fighting
 + Level 4.2 Axes
 - Level 3.2 Armour
 - Level 3.2 Shields


You had 3 spell levels left.
You didn't know any spells.
Your spell library was empty.

Inventory:

Hand Weapons
 m - a +0 whip
 Y - a +1 war axe (weapon)
Armour
 b - a +0 scale mail (worn)
 c - a +0 buckler (worn)
 k - a +0 pair of gloves (worn)
Scrolls
 l - a scroll of identify
Potions
 a - a potion of lignification
 d - a potion of might
 f - a potion of resistance {unknown}
 h - a potion of ambrosia {unknown}
 i - a potion of magic {unknown}

Dungeon Overview and Level Annotations

Branches:
Dungeon (3/15)

Altars:

Shops:
D:1 *


Message History

You closely miss the gnoll. The gnoll hits you with a +0 spear.
You hit the gnoll.
The gnoll is moderately wounded.
The gnoll hits you but does no damage.
You hit the gnoll.
The gnoll is heavily wounded.
The gnoll hits you but does no damage. x2
A dart slug comes into view.
You closely miss the gnoll.
The gnoll is heavily wounded.
The gnoll barely misses you. The gnoll hits you with a +0 spear.
The gnoll hits you from afar with a +0 spear.
The gnoll misses you.
You slash the gnoll!
You kill the gnoll!
The gnoll barely misses you.
1687 ||| Stepping ~*~*~tactically~*~*~ (hiding).
The gnoll hits you with a +0 spear.
The gnoll hits you from afar with a +0 spear.
You hit the gnoll.
The gnoll is moderately wounded.
The gnoll hits you with a +0 spear. The gnoll barely misses you.
You barely miss the gnoll.
The gnoll is moderately wounded.
The gnoll hits you with a +0 spear.
The gnoll hits you from afar with a +0 spear.
The gnoll hits you with a +0 spear. The gnoll closely misses you.
You hit the gnoll.
The gnoll is severely wounded.
The gnoll hits you with a +0 spear. The gnoll hits you but does no damage.
You slash the gnoll!
You kill the gnoll!
The gnoll hits you but does no damage.
1693 ||| Stepping ~*~*~tactically~*~*~ (hiding).
The gnoll hits you with a +0 spear.
You slash the gnoll!
You kill the gnoll!
The gnoll hits you with a +0 club.
You die...

## #.
#.##
#...
#..#
#..#
#..#####
#.@...<#
#g######
#. #w #.
#. #. #.


You could see a gnoll and a dart slug.

Vanquished Creatures
  3 gnolls (D:3)
  3 adders (D:2)
  4 worms (D:2)
  3 ball pythons
  4 bats
  4 endoplasms
  2 hobgoblins
  A quokka (D:1)
  2 frilled lizards
  4 goblins
  6 kobolds
  A rat (D:2)
37 creatures vanquished.

Notes
Turn   | Place    | Note
-------+----------+-------------------------------------------
     0 | D:1      | qw the Gargoyle Fighter began the quest for the Orb.
     0 | D:1      | Reached XP level 1. HP: 14/14 MP: 1/1
     0 | D:1      | 0 ||| qw: Version: 0.3-a-7-ge0c9b40
     0 | D:1      | 0 ||| qw: Game counter: 987
     0 | D:1      | 0 ||| qw: Always use a shield: true
     0 | D:1      | 0 ||| qw: God list: Okawaru
     0 | D:1      | 0 ||| qw: Allow faded altars: false
     0 | D:1      | 0 ||| qw: Do Orc after D:15 true
     0 | D:1      | 0 ||| qw: Do second Lair branch before Depths: true
     0 | D:1      | 0 ||| qw: Lair rune preference: random
     0 | D:1      | 0 ||| qw: Plans: Normal, Zot:1-4, Slime:5, God:TSO, Crypt,
                  | Tomb, Abyss, Pan, Hells, Win
     0 | D:1      | 0 ||| PLANNING D:1-11
   107 | D:1      | Reached skill level 2 in Axes
   273 | D:1      | 273 ||| Stepping ~*~*~tactically~*~*~ (stealth).
   386 | D:1      | Reached XP level 2. HP: 19/19 MP: 2/2
   468 | D:1      | Found Kipty's General Store.
   473 | D:1      | 473 ||| BUYING +0 pair of gloves (49 gold).
   473 | D:1      | Bought a +0 pair of gloves for 49 gold pieces
   473 | D:1      | 473 ||| SHOPLISTING potion of enlightenment (55 gold, have
                  | 24).
   473 | D:1      | 473 ||| SHOPLISTING potion of might (44 gold, have 24).
   473 | D:1      | 473 ||| BUYING scroll of identify (22 gold).
   473 | D:1      | Bought a scroll of identify for 22 gold pieces
   593 | D:1      | Found a faded altar of an unknown god.
   800 | D:1      | 800 ||| UPGRADING to +0 pair of gloves.
   805 | D:1      | 805 ||| READING scroll labelled JEMUD CITRUOT.
   806 | D:1      | 806 ||| READING scroll labelled GAUZIU BUASHROM.
   807 | D:1      | 807 ||| READING scroll labelled PIG DIEKKEKU.
   808 | D:1      | 808 ||| READING scroll labelled HULULO ISEWUPH.
   809 | D:1      | 809 ||| READING scroll labelled VUSELL WURRYO.
   821 | D:2      | 821 ||| Stepping ~*~*~tactically~*~*~ (stealth).
   882 | D:2      | 882 ||| Stepping ~*~*~tactically~*~*~ (stealth).
   973 | D:2      | Reached skill level 3 in Axes
   973 | D:2      | Reached XP level 3. HP: 23/23 MP: 3/3
  1306 | D:2      | 1306 ||| Stepping ~*~*~tactically~*~*~ (hiding).
  1308 | D:2      | 1308 ||| Stepping ~*~*~tactically~*~*~ (hiding).
  1309 | D:2      | 1309 ||| Stepping ~*~*~tactically~*~*~ (hiding).
  1310 | D:2      | 1310 ||| Stepping ~*~*~tactically~*~*~ (hiding).
  1427 | D:2      | Reached XP level 4. HP: 28/28 MP: 4/4
  1432 | D:2      | Reached skill level 4 in Axes
  1506 | D:2      | 1506 ||| DROPPING +0 club.
  1646 | D:2      | 1646 ||| READING scroll labelled NAANYSA JOIP.
  1650 | D:2      | 1650 ||| READING scroll labelled HENULIWUPS.
  1651 | D:2      | 1651 ||| READING scroll labelled APLAAL LOTOPT.
  1652 | D:2      | 1652 ||| READING 2 scrolls of identify.
  1652 | D:2      | 1652 ||| IDENTIFYING sedimented clear potion
  1679 | D:3      | 1679 ||| Stepping ~*~*~tactically~*~*~ (hiding).
  1687 | D:3      | 1687 ||| Stepping ~*~*~tactically~*~*~ (hiding).
  1691 | D:3      | HP: 6/28 [gnoll/+0 spear (2)]
  1693 | D:3      | 1693 ||| Stepping ~*~*~tactically~*~*~ (hiding).
  1695 | D:3      | Slain by a gnoll

Levels and vault maps discovered:
D:1:      saegor_arrival_fortress, layout_basic, serial_shops, shop,
          hellmonk_ecumenical_altar_prayer_group
D:2:      layout_basic, minmay_vboxes
D:3:      layout_basic, lightli_corner_chamber, uniq_crazy_yiuf_cottage,
          uniq_robin, uniq_sigmund, uniq_ijyb

Skill      XL: |  1  2  3  4 |
---------------+-------------+-----
Axes           | 2 3 4 |  4.2
Fighting       | |  3.2
Armour         | |  3.2
Shields        | |  3.2

Action                     |  1- 3 |  4- 6 || total
---------------------------+-------+-------++-------
  Melee: War axe           |   128 |    17 ||   145
    Use: Scroll            |     5 |     4 ||     9
 Armour: Scale mail        |    72 |     7 ||    79
  Dodge: Dodged            |    72 |     7 ||    79
  Block: Buckler           |    31 |       ||    31

Table legend:
 A = Non-vault XP
 B = Vault XP
 C = Vault XP percentage of total XP
 D = Non-vault monster count
 E = Vault monster count
 F = Vault count percentage of total count
                 A         B        C        D         E       F
            +---------+---------+-------+---------+---------+-------
      Total |     128 |      17 |  11.7 |      30 |       7 |  18.9
            +---------+---------+-------+---------+---------+-------
        D:1 |      15 |       2 |  11.8 |       9 |       1 |  10.0
        D:2 |      72 |      15 |  17.2 |      18 |       6 |  25.0
        D:3 |      41 |       0 |   0.0 |       3 |       0 |   0.0
            +---------+---------+-------+---------+---------+-------
